 Dungeon Crawl Stone Soup version 0.24.0-123-gd5b16e6ec5 (webtiles) character file.

Game seed: 2560452272702973498, levelgen mode: deterministic

4211 Lemonice the Chopper (level 10, -5/79 HPs)
             Began as a Demonspawn Fighter on Feb 8, 2020.
             Was an Initiate of Qazlal.
             Slain by a two-headed ogre
             ... wielding a +0 giant spiked club
              (24 damage)
             ... on level 8 of the Dungeon.
             The game lasted 00:26:20 (7887 turns).

Lemonice the Chopper (Demonspawn Fighter)           Turns: 7887, Time: 00:26:20

Health: -5/79      AC:  9    Str: 19    XL:     10   Next: 8%
Magic:  13/13      EV:  8    Int: 11    God:    Qazlal [......]
Gold:   477        SH: 10    Dex: 14    Spells: 9/9 levels left

rFire    . . .     SeeInvis .   F - +1 war axe (chop)
rCold    . . .     Gourm    .   c - +0 shield
rNeg     . . .     Faith    .   b - +0 scale mail
rPois    .         Spirit   .   (no helmet)
rElec    .         Reflect  .   q - +0 cloak
rCorr    .         Harm     .   (no gloves)
MR       .....                  (no boots)
Stlth    ++........             (no amulet)
HPRegen  0.23/turn              h - +2 ring of intelligence
MPRegen  0.13/turn              (no ring)

@: marked
A: talons 2, nightstalker 1, spiny 2, sturdy frame 1
a: Renounce Religion


You were on level 8 of the Dungeon.
You worshipped Qazlal.
Qazlal was noncommittal.
You were not hungry.

You visited 2 branches of the dungeon, and saw 9 of its levels.
You also visited: Sewer and Ossuary.

You collected 477 gold pieces.

Inventory:

Hand Weapons
 t - a +1 war axe
 F - a +1 war axe of chopping (weapon)
Missiles
 w - 4 boomerangs of dispersal (quivered)
Armour
 b - a +0 scale mail (worn)
 c - a +0 shield (worn)
 m - a +0 pair of boots
 q - a +0 cloak (worn)
Jewellery
 h - a +2 ring of intelligence (left hand)
 i - an uncursed ring of resist corrosion {unknown}
 j - an uncursed ring of ice
 u - an uncursed amulet of magic regeneration
 A - a +2 ring of protection {unknown}
 D - a cursed -5 ring of intelligence
Wands
 o - a wand of iceblast (4)
 v - a wand of digging (8)
Scrolls
 a - a scroll of fog {unknown}
 e - 6 scrolls of teleportation
 k - a scroll of enchant weapon
 n - a scroll of immolation
 p - 4 scrolls of remove curse
 r - a scroll of random uselessness {unknown}
 x - a scroll of blinking {unknown}
 y - a scroll of amnesia
 z - 2 scrolls of enchant armour {unknown}
Potions
 d - 2 potions of might
 g - 7 potions of curing
 l - 2 potions of heal wounds
 s - 3 potions of agility
 B - a potion of invisibility {unknown}
 C - 3 potions of haste
 E - a potion of brilliance
Comestibles
 f - 12 rations
 G - 7 chunks of flesh


   Skills:
 + Level 7.2 Fighting
 * Level 7.7(7.9) Axes
   Level 2.0(5.2) Polearms
 + Level 6.6 Armour
 - Level 0.1 Dodging
 + Level 6.5 Shields
 * Level 4.2 Invocations


You had 9 spell levels left.
You didn't know any spells.
Your spell library contained the following spells:

 Spells                   Type           Power        Failure   Level  Hunger
 Animate Skeleton         Necr           N/A          89%         1    ##.....
 Apportation              Tloc           #.....       89%         1    ##.....
 Confusing Touch          Hex            #.....       89%         1    ##.....
 Summon Small Mammal      Summ           #...         89%         1    ##.....


Dungeon Overview and Level Annotations

Branches:
Dungeon (8/15)             Temple (1/1) D:7           Sewer (visited)
Ossuary (visited)
   Lair: D:8-11

Altars:
Ashenzari
Cheibriados
Dithmenos
Elyvilon
Fedhas
Gozag
Hepliaklqana
Kikubaaqudgha
Makhleb
Nemelex Xobeh
Okawaru
Qazlal
Ru
Sif Muna
Trog
Uskayaw
Vehumet
Wu Jian
Xom
Yredelemnul
Zin
The Shining One


Innate Abilities, Weirdness & Mutations

You have razor-sharp toenails.
You are slightly more attuned to the shadows.
You are mostly covered in sharp spines.
Your movements are slightly less encumbered by armour. (ER -2)


Message History

You destroy the adder skeleton!
Qazlal accepts your kill. You block the bullfrog zombie's attack.
The bullfrog hits you.
* * * LOW HITPOINT WARNING * * *
The bullfrog zombie hits you.
* * * LOW HITPOINT WARNING * * *
You hit the bullfrog zombie. You claw the bullfrog zombie.
The bullfrog zombie is severely damaged.
You closely miss the bullfrog.
The bullfrog zombie hits you but does no damage.
You slash the bullfrog zombie!
You destroy the bullfrog zombie!
Qazlal accepts your kill.
You hit the two-headed ogre. You block the hound zombie's attack.
You hit the hound zombie. Your kick misses the hound zombie.
The hound zombie is lightly damaged.
You hit the two-headed ogre.
The two-headed ogre is struck by your spines.
The two-headed ogre hits you with a +0 giant spiked club!!
You die...

#. #.#. #.#. # #.#.## #.###
#.#..# .#.## #.# #.##.# ...
... #.##.## #Z# #.# .
......##### #@# #.# .#
###.#.....# #O# #.####.# #
#...###.######F####......##
# ###.#
#...)h..hh..†........ # #.#
###########....##### . ..#
##.#.#.## . ..# ##.##.#..##
... #.#.....#.#
######..#.##.##


You could see a two-headed ogre, a bullfrog, a howler monkey, a hound and a
hound zombie.

Vanquished Creatures
  Harold (D:8)
  Pikel (D:5)
  A hippogriff (D:7)
  Grinder (D:3)
  A hungry ghost (D:8)
  A water moccasin (D:3)
  An ice beast (D:6)
  A sky beast (D:7)
  5 ogres
  2 centaurs
  4 bullfrogs
  An elf zombie (Ossuary)
  5 wights (D:8)
  3 howler monkeys
  4 crimson imps
  A bullfrog zombie (D:8)
  A jelly (D:7)
  A quasit (D:6)
  Crazy Yiuf (D:3)
  A bullfrog skeleton (D:7)
  A centaur skeleton (D:4)
  An orc priest (D:6)
  A hound (D:5)
  5 orc wizards
  A gnoll shaman (D:4)
  An iguana (D:5)
  3 worker ants
  2 hound zombies
  4 mummies (Ossuary)
  A howler monkey zombie (D:5)
  8 adders
  3 gnolls (D:4)
  A river rat (D:4)
  A shadow imp (D:6)
  An ooze (D:2)
  3 adder skeletons
  4 adder zombies
  3 worms
  A dart slug (D:1)
  5 leopard geckos
  19 orcs
  9 giant cockroaches
  A gnoll zombie (Ossuary)
  5 goblins
  10 hobgoblins
  17 jackals
  3 quokkas
  4 ball pythons
  9 bats
  6 frilled lizards
  2 jackal zombies (Ossuary)
  13 kobolds
  3 orc zombies (Ossuary)
  A quokka skeleton (D:6)
  12 rats
  A rat zombie (Ossuary)
  2 fungi (D:4)
  7 plants (Sewer)
  2 toadstools (D:4)
213 creatures vanquished.

Vanquished Creatures (others)
  A slave (D:5)
  A phantom (D:5)
  An orc priest (D:5)
  2 orcs (D:5)
  A toadstool (D:4)
6 creatures vanquished.

Grand Total: 219 creatures vanquished

Notes
Turn   | Place    | Note
-------+----------+-------------------------------------------
     0 | D:1      | Lemonice the Demonspawn Fighter began the quest for the
                  | Orb.
     0 | D:1      | Reached XP level 1. HP: 18/18 MP: 1/1
   140 | D:1      | Gained mutation: You have sharp toenails. [demonic
                  | ancestry]
   140 | D:1      | Reached XP level 2. HP: 24/24 MP: 2/2
   579 | D:2      | Found a shattered altar of Ashenzari.
   590 | D:2      | Gained mutation: Your movements are slightly less
                  | encumbered by armour. (ER -2) [demonic ancestry]
   590 | D:2      | Reached XP level 3. HP: 20/29 MP: 3/3
   683 | D:2      | Reached XP level 4. HP: 16/36 MP: 4/4
  1654 | D:3      | Noticed a water moccasin
  1666 | D:3      | Killed a water moccasin
  1666 | D:3      | Reached skill level 1 in Axes
  1666 | D:3      | Gained mutation: You have razor-sharp toenails. [demonic
                  | ancestry]
  1666 | D:3      | Reached XP level 5. HP: 17/42 MP: 5/5
  2039 | D:3      | Gained mutation: You are slightly more attuned to the
                  | shadows. [demonic ancestry]
  2039 | D:3      | Reached XP level 6. HP: 39/48 MP: 6/6
  2183 | D:3      | Noticed Grinder
  2199 | D:3      | Killed Grinder
  2532 | D:3      | Found a runed translucent door.
  2533 | D:3      | Noticed Crazy Yiuf
  2541 | D:3      | Killed Crazy Yiuf
  2541 | D:3      | Gained mutation: You are partially covered in sharp spines.
                  | [demonic ancestry]
  2541 | D:3      | Reached XP level 7. HP: 54/55 MP: 7/7
  2959 | D:4      | Identified the cursed +2 dagger "Vusungax" {freeze, Int+7}
  3500 | D:4      | Found a glowing drain.
  3512 | Sewer    | Entered a sewer
  4095 | Sewer    | Reached skill level 5 in Fighting
  4627 | D:5      | Entered Level 5 of the Dungeon
  4645 | D:5      | Noticed Pikel
  4778 | D:5      | Killed Pikel
  4778 | D:5      | Reached skill level 5 in Axes
  4778 | D:5      | Reached skill level 5 in Armour
  4778 | D:5      | Reached skill level 5 in Shields
  4778 | D:5      | Reached XP level 8. HP: 35/64 MP: 8/8
  4810 | D:5      | Found a snail-covered altar of Cheibriados.
  4820 | D:5      | Found a sacrificial altar of Ru.
  6143 | D:6      | Reached XP level 9. HP: 63/69 MP: 9/9
  6819 | D:7      | Found a sand-covered staircase.
  6839 | Ossuary  | Entered an ossuary
  7025 | D:7      | Found a staircase to the Ecumenical Temple.
  7040 | Temple   | Entered the Ecumenical Temple
  7069 | Temple   | Became a worshipper of Qazlal Stormbringer
  7472 | D:7      | Found an iron altar of Okawaru.
  7704 | D:8      | Reached skill level 1 in Invocations
  7846 | D:8      | Noticed Harold
  7853 | D:8      | HP: 3/72 [Harold/+0 war axe (20)]
  7857 | D:8      | Killed Harold
  7857 | D:8      | Gained mutation: You are mostly covered in sharp spines.
                  | [demonic ancestry]
  7857 | D:8      | Reached XP level 10. HP: 23/79 MP: 11/13
  7866 | D:8      | Noticed a two-headed ogre
  7887 | D:8      | Slain by a two-headed ogre

Levels and vault maps discovered:
D:1:      evilmike_arrival_plus, layout_loops_ring
D:2:      layout_loops_corners, evilmike_ruin_ashenzari, hex_large,
          minmay_misc_feat_alley
D:3:      layout_loops_ring, first_ration, uniq_grinder, uniq_crazy_yiuf_cottage
D:4:      layout_loops_cross, gup_sewer_entry_bubbles, minmay_gold_behind_fungi
D:5:      layout_basic, grunt_temple_overflow_open, uniq_pikel
D:6:      layout_basic
D:7:      layout_gridville, kennysheep_little_box,
          minmay_temple_entry_water_ring, nicolae_ossuary_entry_monument
D:8:      layout_loops_ring, minmay_misc_feat_room, uniq_harold
Temple:   regret_index_temple_mists

Skill      XL: |  1  2  3  4  5  6  7  8  9 |
---------------+----------------------------+-----
Armour         | 3 4 5 6 |  6.6
Polearms       | 2 |  2.0
Shields        | 3 4 5 6 |  6.5
Fighting       | 4 5 6 7 |  7.2
Axes           | 1 2 3 5 6 7 |  7.7
Invocations    | 4 |  4.2
Dodging        | |  0.1

Action                   |  1- 3 |  4- 6 |  7- 9 | 10-12 || total
-------------------------+-------+-------+-------+-------++-------
Melee: Trident           |    87 |    55 |       |       ||   142
       Kick              |     6 |    49 |   165 |     3 ||   223
       Hand axe          |       |   110 |    42 |       ||   152
       War axe           |       |       |   411 |     8 ||   419
Evoke: Wand              |       |       |     1 |     1 ||     2
  Use: Potion            |       |     2 |     4 |       ||     6
       Scroll            |       |       |    14 |       ||    14
 Stab: Sleeping          |       |       |     3 |       ||     3
  Eat: Chunk             |       |     4 |    18 |       ||    22
       Ration            |       |       |     1 |       ||     1
Armor: Scale mail        |    28 |    51 |   101 |     3 ||   183
Dodge: Dodged            |    25 |    40 |    90 |     1 ||   156
Block: Shield            |    28 |    53 |   161 |     6 ||   248
